 Dungeon Crawl Stone Soup version 0.22.0-75-g3901e79 (console) character file.

142 erker the Changer (level 5, 0/33 HPs)
             Began as an Octopode Transmuter on Sept 14, 2018.
             Slain by a centaur skeleton (6 damage)
             ... on level 5 of the Dungeon.
             The game lasted 00:14:08 (2633 turns).

erker the Changer (Octopode Transmuter)             Turns: 2633, Time: 00:14:09

Health: 0/33       AC:  1    Str:  6 (9)  XL:     5   Next: 25%
Magic:  8/9        EV: 12    Int: 14 (16) God:
Gold:   99         SH:  6    Dex: 11 (13) Spells: 2/9 levels left

rFire    . . .     SeeInvis +     - Unarmed
rCold    . . .     Gourm    .   i - +0 buckler
rNeg     . . .     Faith    .   (helmet restricted)
rPois    .         Spirit   .   q - +3 amulet of reflection
rElec    .         Reflect  +   e - ring of flight
rCorr    .         Harm     .   l - ring of see invisible
MR       .....                  (no ring)
Stlth    ++........             (no ring)
HPRegen  0.11/turn              (no ring)
MPRegen  0.11/turn              (no ring)
                                (no ring)
                                (no ring)

@: appendage, very slightly contaminated
A: almost no armour, stealthy swim, amphibious, 8 rings, constrict 8, tentacle
spike 3, camouflage 1, gelatinous body 1
a: End Transformation, Evoke Flight


You were on level 5 of the Dungeon.
You were not hungry.
One of your tentacles had a temporary spike.
You visited 1 branch of the dungeon, and saw 5 of its levels.

You collected 99 gold pieces.

Inventory:

Hand Weapons
 b - a +1 blowgun
Missiles
 a - 31 arrows
 s - 23 sling bullets
 t - 11 poisoned needles
Armour
 d - a +3 large shield
 i - a +0 buckler (worn)
 o - a +2 buckler
Jewellery
 e - a ring of flight (left tentacle)
 l - a ring of see invisible (right tentacle)
 q - a +3 amulet of reflection (around mantle)
Scrolls
 f - 2 scrolls of identify {unknown}
 g - 2 scrolls of remove curse {unknown}
 j - 4 scrolls of enchant weapon
 u - a scroll of teleportation
Potions
 m - a potion of lignification {unknown}
 p - a potion of heal wounds {unknown}
 v - a potion of berserk rage {unknown}
 w - a potion of agility {unknown}
 x - a potion of curing
Comestibles
 c - 4 rations


   Skills:
 - Level 1.0 Fighting
 - Level 2.0 Dodging
 - Level 3.0 Unarmed Combat
 - Level 2.8 Spellcasting
 + Level 4.4 Transmutations
 * Level 1.3 Ice Magic


You had 2 spell levels left.
You knew the following spells:

 Your Spells              Type           Power        Failure   Level  Hunger
a - Beastly Appendage     Tmut           ##....       6%          1    #......
t - Sticks to Snakes      Tmut           ##......     9%          2    ##.....
y - Ice Form              Ice/Tmut       ##......     73%         4    #####..

Your spell library contained the following spells:

 Spells                   Type           Power        Failure   Level  Hunger
 Spider Form              Tmut/Pois      #.........   41%         3    ###....
 Blade Hands              Tmut           ##........   86%         5    ######.


Dungeon Overview and Level Annotations

Branches:
Dungeon (4/15)
 Temple: D:4-7

Altars:
Cheibriados
Kikubaaqudgha
Trog

Annotations:
D:3 exclusion: orc priest


Innate Abilities, Weirdness & Mutations

You cannot wear most types of armour.
You are very stealthy in the water. (Stealth+)
You are amphibious.
You can wear up to eight rings at the same time.
You can use your tentacles to constrict eight enemies at once.
Your skin changes colour to match your surroundings (Stealth+).
Your rubbery body absorbs attacks. (AC +1, EV +1)
One of your tentacles bears a large vicious spike.


Message History

The centaur skeleton is severely damaged.
The centaur skeleton hits you.
You tentacle-slap the centaur skeleton but do no damage.
The centaur skeleton is severely damaged.
The centaur skeleton hits you!
You tentacle-slap the centaur skeleton.
You pierce the centaur skeleton, but do no damage.
The centaur skeleton is severely damaged.
A hound comes into view.
The centaur skeleton misses you.
The hound barks!
You tentacle-slap the centaur skeleton.
The centaur skeleton is severely damaged.
The centaur skeleton hits you. x2
* * * LOW HITPOINT WARNING * * *
You tentacle-slap the centaur skeleton.
You squeeze the centaur skeleton, but do no damage.
The centaur skeleton is almost destroyed.
The centaur skeleton hits you.
You die...

.....####....
............# .
............#..
.....h.........
.............#
.............#.
.......Z.......
.......@....#
.....######....
... . .


You could see a hound and a centaur skeleton.

Vanquished Creatures
  A crimson imp (D:5)
  An adder (D:3)
  3 oozes
  3 worms (D:2)
  3 dart slugs
  A leopard gecko (D:4)
  4 giant cockroaches
  5 goblins
  7 hobgoblins
  6 jackals
  3 quokkas
  8 bats
  5 frilled lizards
  12 kobolds
  4 rats
66 creatures vanquished.

Notes
Turn   | Place    | Note
-------+----------+-------------------------------------------
     0 | D:1      | erker the Octopode Transmuter began the quest for the Orb.
     0 | D:1      | Reached XP level 1. HP: 13/13 MP: 3/3
   352 | D:1      | Reached XP level 2. HP: 18/18 MP: 3/5
   356 | D:1      | Learned a level 2 spell: Sticks to Snakes
   674 | D:1      | Reached XP level 3. HP: 14/23 MP: 4/6
   813 | D:1      | Reached skill level 3 in Transmutations
  1366 | D:2      | Reached XP level 4. HP: 9/28 MP: 8/8
  1375 | D:2      | Learned a level 4 spell: Ice Form
  2073 | D:3      | Reached skill level 4 in Transmutations
  2147 | D:3      | Reached skill level 1 in Ice Magic
  2232 | D:4      | You fall through a shaft!
  2232 | D:5      | Entered Level 5 of the Dungeon
  2232 | D:5      | Found a snail-covered altar of Cheibriados.
  2239 | D:5      | Found a bloodstained altar of Trog.
  2242 | D:5      | Found an ancient bone altar of Kikubaaqudgha.
  2273 | D:5      | Noticed a black bear
  2415 | D:5      | Reached XP level 5. HP: 22/33 MP: 6/9
  2633 | D:5      | Slain by a centaur skeleton

Skill      XL: |  1  2  3  4 |
---------------+-------------+-----
Transmutations | 3 4 |  4.4
Ice Magic      | 1 |  1.3
Fighting       | |  1.0
Dodging        | |  2.0
Unarmed Combat | |  3.0
Spellcasting   | |  2.8

Action                   |  1- 3 |  4- 6 || total
-------------------------+-------+-------++-------
Melee: Unarmed           |    95 |   100 ||   195
       Constrict         |    28 |    20 ||    48
       Tentacles         |    13 |    11 ||    24
       Kick              |    14 |    18 ||    32
       Punch             |     2 |     1 ||     3
 Cast: Beastly Appendage |    33 |    19 ||    52
       Ice Form          |       |     1 ||     1
  Use: Potion            |       |     2 ||     2
       Scroll            |       |     5 ||     5
 Stab: Sleeping          |     9 |     2 ||    11
  Eat: Chunk             |     2 |     4 ||     6
Armor: Skin              |    10 |     9 ||    19
Dodge: Dodged            |    55 |    42 ||    97
Block: Buckler           |     3 |    16 ||    19
       Reflection        |       |     1 ||     1
